 Dungeon Crawl Stone Soup version 0.26.0-10-g1f06aea511 (webtiles) character file.

Game seed: 11555184441481082524

511 inc the Covert (level 6, 0/24 HPs)
             Began as a Felid Enchanter on Jan 30, 2021.
             Was a Follower of Uskayaw.
             Killed by nerve-wracking pain
             ... invoked by an orc priest
              (12 damage)
             ... on level 7 of the Dungeon.
             The game lasted 00:13:43 (9622 turns).

inc the Covert (Felid Enchanter)                    Turns: 9622, Time: 00:13:44

Health: 0/24       AC:  2    Str:  4    XL:     6   Next: 99%
Magic:  8/10       EV: 18    Int: 16    God:    Uskayaw [*.....]
Gold:   431        SH:  0    Dex: 19    Spells: 4/9 levels left
                                        Lives:  0   Deaths: 2

rFire    . . .     SeeInvis +     - Unarmed
rCold    + . .     Faith    .   (shield unavailable)
rNeg     . . .     Spirit   .   (armour unavailable)
rPois    .         Reflect  .   (helmet unavailable)
rElec    .         Harm     .   (cloak unavailable)
rCorr    .         Rampage  .   (gloves unavailable)
Will     .....                  (boots unavailable)
Stlth    +++++.....             (no amulet)
HPRegen  0.08/turn              l - ring of protection from fire
MPRegen  0.12/turn              n - ring of ice

@: quick
A: very small, no armour, no weapons or thrown items, stealth, claws 1, fangs 3,
see invisible, speed 1, shaggy fur 2, sharp paws
a: Renounce Religion, Stomp


You were on level 7 of the Dungeon.
You worshipped Uskayaw.
Uskayaw was noncommittal.
You visited 2 branches of the dungeon, and saw 8 of its levels.

You collected 431 gold pieces.

Inventory:

Jewellery
 c - an uncursed amulet of guardian spirit
 l - a ring of protection from fire (left paw)
 n - a ring of ice (right paw)
 p - an uncursed ring of positive energy
 t - the ring of Munyzis {rN+ Dex+9}
   (You took it off an orc priest on level 6 of the Dungeon)

   [ring of positive energy]

   It affects your dexterity (+9).
   It protects you from negative energy.
 v - an uncursed ring of attention
Wands
 q - a wand of polymorph (8)
 y - a wand of iceblast (8)
Scrolls
 b - 3 scrolls of enchant armour
 d - a scroll of magic mapping {unknown}
 e - 5 scrolls of identify
 g - a scroll of enchant weapon {unknown}
 h - 2 scrolls of teleportation {unknown}
 i - a scroll of amnesia
 k - 2 scrolls of fog {unknown}
 m - a scroll of random uselessness {unknown}
 o - a scroll of remove curse
 u - a scroll of torment {unknown}
Potions
 a - 2 potions of flight
 f - 2 potions of degeneration
 j - 4 potions of berserk rage
 r - 2 potions of mutation {unknown}
 s - a potion of lignification {unknown}
 w - a potion of heal wounds
 x - a potion of might {unknown}
 z - a potion of haste {unknown}


   Skills:
 - Level 2.6 Dodging
 + Level 11.0 Stealth
 + Level 6.6 Unarmed Combat
 - Level 2.0 Spellcasting
 - Level 7.0 Hexes
 - Level 3.2 Ice Magic


You had 4 spell levels left.
You knew the following spells:

 Your Spells              Type           Power        Failure   Level
b - Ensorcelled Hibernat  Hex/Ice        54%          3%          2
c - Confusing Touch       Hex            24%          3%          3

Your spell library contained the following spells:

 Spells                   Type           Power        Failure   Level
 Corona                   Hex            26%          1%          1
 Tukima's Dance           Hex            24%          3%          3
 Dazzling Flash           Conj/Hex       24%          14%         3
 Inner Flame              Hex/Fire       12%          14%         3
 Foxfire                  Conj/Fire      4%           21%         1
 Conjure Flame            Conj/Fire      1%           52%         3
 Sticky Flame             Conj/Fire      1%           90%         4
 Fireball                 Conj/Fire      0%           99%         5


Dungeon Overview and Level Annotations

Branches:
Dungeon (7/15)             Temple (1/1) D:5

Altars:
Ashenzari
Cheibriados
Dithmenos
Elyvilon
Fedhas
Gozag
Hepliaklqana
Kikubaaqudgha
Makhleb
Nemelex Xobeh
Okawaru
Qazlal
Ru
Sif Muna
Trog
Uskayaw
Vehumet
Wu Jian
Xom
Yredelemnul
Zin
The Shining One

Shops:
D:5 }   D:7 (


Innate Abilities, Weirdness & Mutations

You cannot wear armour.
You are incapable of wielding weapons or throwing items.
Your paws allow you to move quietly. (Stealth)
You have sharp claws.
You have razor-sharp teeth.
You have supernaturally acute eyesight. (SInv)
You cover ground quickly.
You are covered in thick fur. (AC +2)
Your sharp claws are effective at attacking unaware monsters.


Message History

The orc priest invokes the aid of Beogh against you.
Beogh smites you!
Ouch! That really hurt!
You die...
You are now level 6!
You rejoin the land of the living...
An orc priest is nearby!
The orc priest completely misses you.
Casting: Ensorcelled Hibernation (safe; 3% risk of failure)
Confirm with . or Enter, or press ? or * to list all spells.
Aiming: Ensorcelled Hibernation (safe; 3% risk of failure)
Press: ? - help, Shift-Dir - straight line, f - orc priest, p - orc priest
Aim: an orc priest, wielding a +0 dagger (chance to affect: 56%)
You feel a surge of power!
The orc priest is unaffected.
The orc priest calls down the wrath of Beogh upon you.
Beogh smites you! The orc priest hits you.
The orc priest mumbles some strange prayers to Beogh against you.
Pain shoots through your body!
Ouch! That really hurt!
You die...

#.......#...# #.###.#.##.#
########.##.# #.........#.
#########..>#.#####...........
#..............)........######
#.#######(....######.#≈≈≈##
#.# #..#.....# #.≈≈≈≈≈# # #.#
#.##.###.# #...∩≈≈# # #.#
#.##.###.###.≈≈≈≈≈# # #)#
#.##.@........≈≈≈## # #.#
#.######o###....###### # #.#
#.# #.# ####.......
####.#######.# #.# #.#####.
........[....# #.# #.# #.
####......#### #o# #.# #. #
######.# #.# #.# #. # #.# #.#
#.♣####† # #.# #.# #♣≈P....


You could see an orc priest.

Vanquished Creatures
  Maggie (D:6)
  Eustachio (D:4)
  Menkaure (D:7)
  Duvessa (D:6)
  An orc warrior (D:7)
  An ogre (D:4)
  A sky beast (D:5)
  2 centaurs (D:6)
  A bullfrog (D:6)
  Dowan (D:6)
  An electric eel (D:7)
  A quasit (D:5)
  2 hounds
  5 orc priests
  4 worker ants
  A worker ant zombie (D:7)
  8 adders
  An ufetubus (D:5)
  An ooze (D:3)
  2 worms
  A dart slug (D:1)
  A leopard gecko (D:3)
  7 orcs
  2 ball pythons (D:1)
  4 bats
  A giant cockroach (D:1)
  5 goblins
  6 hobgoblins
  8 jackals
  4 quokkas
  A ball python skeleton (D:4)
  5 frilled lizards
  11 kobolds
  10 rats
103 creatures vanquished.

Vanquished Creatures (others)
  10 plants (D:7)
10 creatures vanquished.

Grand Total: 113 creatures vanquished

Notes
Turn   | Place    | Note
-------+----------+-------------------------------------------
     0 | D:1      | inc the Felid Enchanter began the quest for the Orb.
     0 | D:1      | Reached XP level 1. HP: 7/7 MP: 4/4
   497 | D:1      | Reached XP level 2. HP: 7/11 MP: 6/6
  1516 | D:1      | Reached XP level 3. HP: 9/14 MP: 7/7
  2725 | D:2      | Learned a level 2 spell: Ensorcelled Hibernation
  2729 | D:2      | Learned a level 3 spell: Confusing Touch
  3697 | D:3      | Reached XP level 4. HP: 18/18 MP: 8/8
  4785 | D:4      | Found an ornate altar of the Wu Jian Council.
  4798 | D:4      | Reached skill level 1 in Ice Magic
  4832 | D:4      | Noticed an ogre
  4894 | D:5      | Entered Level 5 of the Dungeon
  5004 | D:5      | Noticed a sky beast
  5284 | D:4      | Killed an ogre
  5285 | D:4      | Reached skill level 5 in Hexes
  5285 | D:4      | Reached XP level 5. HP: 19/21 MP: 7/9
  5898 | D:4      | Noticed Eustachio
  5951 | D:4      | Killed Eustachio
  5952 | D:4      | Gained mutation: You are covered in thick fur. (AC +2)
                  | [Felid growth]
  5952 | D:4      | Reached XP level 6. HP: 8/24 MP: 3/10
  6285 | D:5      | Killed a sky beast
  6286 | D:5      | Reached skill level 5 in Stealth
  6478 | D:5      | Found Xawni's Gadget Shop.
  6586 | D:5      | Reached XP level 7. HP: 27/27 MP: 11/11
  6814 | D:5      | Found a blossoming altar of Fedhas.
  6941 | D:5      | Reached skill level 6 in Stealth
  6977 | D:5      | Found a staircase to the Ecumenical Temple.
  7093 | Temple   | Entered the Ecumenical Temple
  7160 | Temple   | Became a worshipper of Uskayaw the Reveller
  7415 | D:6      | Reached * piety under Uskayaw
  7416 | D:6      | Reached skill level 7 in Stealth
  7419 | D:6      | Reached ** piety under Uskayaw
  7424 | D:6      | Noticed Duvessa
  7424 | D:6      | Noticed Dowan
  7986 | D:6      | Reached skill level 8 in Stealth
  8093 | D:6      | Killed Duvessa
  8252 | D:6      | Reached skill level 9 in Stealth
  8335 | D:6      | Found a sparkling altar of Nemelex Xobeh.
  8473 | D:6      | Noticed Maggie
  8502 | D:5      | Reached XP level 8. HP: 14/31 MP: 8/12
  8950 | D:6      | Killed Maggie
  8951 | D:6      | Reached skill level 5 in Unarmed Combat
  9017 | D:6      | Identified the ring of Munyzis {rN+ Dex+9}
  9031 | D:6      | Reached skill level 10 in Stealth
  9081 | D:6      | Killed Dowan
  9275 | D:7      | Found Sod Eme's Antique Weapon Emporium.
  9326 | D:7      | HP: 1/31 [electric eel/bolt of electricity (13)]
  9329 | D:7      | Killed from afar by an electric eel
  9330 | D:7      | Reached XP level 7. HP: -10/27 MP: 11/11
  9403 | D:7      | Noticed Menkaure
  9410 | D:7      | Killed Menkaure
  9505 | D:7      | Found a stormy altar of Qazlal.
  9595 | D:7      | Reached skill level 11 in Stealth
  9599 | D:7      | Killed from afar by an orc priest
  9600 | D:7      | Reached XP level 6. HP: -1/24 MP: 6/10
  9622 | D:7      | Killed from afar by an orc priest

Illustrated notes

Levels and vault maps discovered:
D:1:      dpeg_arrival_castle, layout_loops_corners
D:2:      wander_river, layout_rooms, serial_rivers,
          chequers_serial_rivers_room_a, chequers_serial_rivers_large_a,
          chequers_serial_rivers_micro_e, chequers_serial_rivers_small_b,
          chequers_serial_rivers_room_b, chequers_serial_rivers_micro_b,
          minmay_pentomino_s4
D:3:      layout_loops_cross
D:4:      layout_basic, lemuel_altar_in_water, uniq_eustachio
D:5:      layout_layer_cave, fedhas_altar_4, minmay_temple_entry_sparse_star,
          serial_shops, nicolae_shop_trees, serial_rivers,
          chequers_serial_rivers_small_b, chequers_serial_rivers_micro_c,
          chequers_serial_rivers_small_3, chequers_serial_rivers_room_b,
          chequers_serial_rivers_micro_b
D:6:      layout_rooms, basic_altar, uniq_maggie, uniq_duvessa
D:7:      layout_loops_ring, serial_shops, nicolae_shop_waterfront, basic_altar,
          serial_bayou_lagoon_b, uniq_menkaure
Temple:   dpeg_three_leaves_temple

Skill      XL: |  1  2  3  4  5  6  7  8 |
---------------+-------------------------+-----
Unarmed Combat | 2 3 4 6 |  6.6
Ice Magic      | 2 3 |  3.2
Hexes          | 5 7 |  7.0
Stealth        | 5 11 10 | 11.0
Dodging        | |  2.6
Spellcasting   | |  2.0

Action                   |  1- 3 |  4- 6 |  7- 9 || total
-------------------------+-------+-------+-------++-------
Melee: Unarmed           |   130 |    94 |    64 ||   288
       Bite              |     8 |     6 |     6 ||    20
       Punch             |     1 |       |       ||     1
 Cast: Ensorcelled Hiber |     6 |    32 |    37 ||    75
       Confusing Touch   |       |     1 |     5 ||     6
  Use: Potion            |     3 |     1 |     3 ||     7
       Scroll            |       |     7 |     1 ||     8
 Stab: Sleeping          |    13 |    25 |    23 ||    61
       Confused          |       |     1 |     3 ||     4
Armor: Skin              |     4 |     3 |     1 ||     8
Dodge: Dodged            |    88 |    76 |    57 ||   221
